Map: Newkirk Precinct TE (Void)

Players

PtitDrogo

  • Race: Protoss Protoss
  • Spawn Location: 5:00

iAsonu - Winner!

  • Race: Zerg Zerg
  • Spawn Location: 7:00

Event: WCS Austin 2017

VOD

Have the link to the VOD?

Description

Time

  • Played on: April 28, 2017, 7:56 p.m.
  • Length: 9:25

All games in this series

Show
View Real Time Build Order
Export as new Build Order

PtitDrogo Protoss 

Build Orders: 1 Gate Expand, Oracle Opening, Zealot Archon 

Get SALT Encoding   

  12  0:01  Probe (Chrono Boost)  
  13  0:11  Probe (Chrono Boost)  
  14  0:19  Pylon  
  14  0:22  Probe (Chrono Boost)  
  15  0:37  Probe (Chrono Boost)  
  15  0:40  Gateway  
  16  0:47  Probe (Chrono Boost)  
  16  0:48  Assimilator  
  17  0:58  Probe (Chrono Boost)  
  18  1:08  Probe (Chrono Boost)  
  19  1:21  Nexus  
  19  1:24  Probe (Chrono Boost)  
  20  1:35  Cybernetics Core  
  20  1:38  Probe (Chrono Boost)  
  21  1:43  Assimilator  
  21  1:48  Probe (Chrono Boost)  
  21  1:52  Pylon  
  22  1:59  Probe (Chrono Boost)  
  23  2:08  Adept  
  23  2:12  Probe (Chrono Boost), Warp Gate  
  27  2:24  Probe (Chrono Boost)  
  27  2:34  Probe (Chrono Boost)  
  27  2:35  Stargate  
  27  2:36  Probe (Chrono Boost)  
  29  2:37  Stalker  
  31  2:45  Probe (Chrono Boost)  
  31  2:48  Probe (Chrono Boost)  
  33  2:55  Probe (Chrono Boost)  
  35  3:00  Probe (Chrono Boost)  
  35  3:06  Probe (Chrono Boost)  
  35  3:07  Adept  
  35  3:10  Probe (Chrono Boost)  
  39  3:14  Oracle  
  39  3:16  Probe (Chrono Boost)  
  43  3:22  Probe (Chrono Boost)  
  45  3:27  Probe (Chrono Boost)  
  45  3:32  Pylon  
  45  3:34  Probe (Chrono Boost), Gateway  
  46  3:35  Gateway  
  46  3:44  Pylon  
  46  3:47  Oracle  
  46  3:51  Probe (Chrono Boost)  
  46  3:52  Probe (Chrono Boost)  
  51  4:01  Probe (Chrono Boost)  
  53  4:04  Probe (Chrono Boost)  
  53  4:07  Nexus  
  53  4:11  Pylon  
  53  4:12  Probe (Chrono Boost)  
  53  4:16  Probe (Chrono Boost)  
  55  4:21  Assimilator  
  55  4:22  Probe (Chrono Boost), Phoenix  
  56  4:25  Assimilator  
  56  4:28  Probe (Chrono Boost)  
  56  4:30  Adept  
  61  4:33  Mothership Core (Chrono Boost)  
  61  4:34  Adept  
  61  4:37  Pylon  
  65  4:42  Probe (Chrono Boost)  
  66  4:47  Robotics Facility  
  66  4:51  Probe (Chrono Boost)  
  67  4:55  Probe (Chrono Boost)  
  67  4:59  Twilight Council, Forge  
  68  5:02  Probe (Chrono Boost)  
  68  5:04  Zealot  
  72  5:07  Probe (Chrono Boost)  
  72  5:13  Probe (Chrono Boost)  
  70  5:18  Zealot  
  70  5:19  Probe x2 (Chrono Boost), Protoss Ground Weapons Level 1  
  74  5:23  Probe (Chrono Boost)  
  74  5:26  Sentry x2  
  79  5:30  Warp Prism, Probe (Chrono Boost)  
  79  5:32  Probe (Chrono Boost)  
  84  5:35  Probe (Chrono Boost)  
  84  5:40  Probe (Chrono Boost)  
  86  5:43  Templar Archives  
  86  5:44  Probe (Chrono Boost)  
  86  5:47  Assimilator x2, Probe (Chrono Boost)  
  87  5:52  Probe (Chrono Boost)  
  87  5:56  Probe (Chrono Boost), Pylon  
  89  5:59  Probe (Chrono Boost), Gateway  
  89  6:00  Gateway  
  89  6:02  Gateway  
  90  6:07  Charge  
  90  6:08  Observer, Probe (Chrono Boost)  
  90  6:10  Psionic Storm  
  92  6:22  Pylon  
  92  6:23  Probe (Chrono Boost)  
  93  6:25  Pylon  
  93  6:30  Gateway  
  93  6:31  Gateway  
  93  6:37  High Templar  
  95  6:40  High Templar  
  97  6:49  Immortal  
  101  6:55  Robotics Facility  
  101  6:58  Probe (Chrono Boost)  
  101  6:59  Gateway  
  101  7:00  Gateway  
  102  7:02  High Templar  
  102  7:03  Zealot x3  
  102  7:08  Pylon  
  110  7:10  Pylon  
  110  7:12  Pylon  
  110  7:14  Pylon  
  110  7:15  Photon Cannon  
  110  7:17  Pylon  
  110  7:18  High Templar  
  110  7:19  Photon Cannon  
  110  7:21  Pylon  
  112  7:23  Immortal  
  112  7:27  Pylon  
  116  7:32  Zealot x3  
  122  7:44  Immortal  
  122  7:45  High Templar x2  
  122  7:46  Zealot x2  
  134  7:51  Archon  
  110  8:00  Zealot x2  
  110  8:01  Zealot x2  
  108  8:16  Archon  
  108  8:17  Archon  
  108  8:19  Zealot x3  
  107  8:20  Zealot x3  
  107  8:22  Immortal  
  103  8:28  Immortal  
  103  8:33  Zealot x4  
  113  8:39  Mothership Core (Chrono Boost)  
  113  8:43  High Templar x2  
  111  8:48  Archon  
  111  8:49  High Templar x2  
  111  8:50  Zealot x2  
  111  8:54  Archon  
  99  8:57  Zealot x4  
  89  9:12  Zealot x2  
  89  9:16  Zealot x2  
  93  9:17  Zealot x4  
Show
View Real Time Build Order
Export as new Build Order

iAsonu Zerg - Winner!

Build Orders: Hatch First 

Get SALT Encoding   

  12  0:05  Drone  
  13  0:13  Overlord  
  13  0:18  Drone  
  14  0:31  Drone x2  
  16  0:50  Hatchery  
  16  0:53  Drone  
  16  0:57  Drone  
  16  1:01  Drone  
  18  1:11  Extractor  
  17  1:16  Spawning Pool  
  16  1:19  Drone  
  16  1:22  Drone  
  18  1:33  Drone  
  19  1:43  Drone  
  20  1:53  Hatchery  
  20  1:54  Drone  
  20  2:05  Queen  
  20  2:07  Zergling x2  
  23  2:11  Drone  
  24  2:15  Drone  
  25  2:25  Queen  
  27  2:30  Drone  
  27  2:34  Overlord  
  28  2:42  Metabolic Boost  
  27  2:53  Queen, Zergling x4  
  27  2:54  Drone  
  27  2:57  Drone  
  33  2:59  Drone  
  33  3:01  Drone  
  35  3:08  Queen  
  35  3:11  Drone  
  38  3:15  Drone  
  38  3:17  Overlord  
  39  3:23  Drone x2  
  41  3:28  Overlord  
  41  3:36  Spore Crawler  
  41  3:37  Drone x2  
  42  3:43  Overlord  
  42  3:44  Spore Crawler  
  42  3:45  Drone  
  42  3:49  Drone x3  
  42  3:51  Drone  
  42  3:53  Drone  
  42  3:55  Drone  
  48  3:57  Drone  
  48  3:59  Drone  
  48  4:02  Drone x2  
  52  4:06  Drone  
  52  4:07  Drone, Evolution Chamber  
  53  4:13  Drone x3  
  53  4:16  Spore Crawler  
  54  4:18  Drone  
  54  4:24  Lair  
  55  4:28  Drone x3  
  55  4:31  Extractor  
  57  4:32  Extractor  
  57  4:35  Zerg Melee Weapons Level 1  
  57  4:36  Drone  
  57  4:37  Zergling x2  
  58  4:39  Overlord  
  58  4:46  Overlord  
  58  4:52  Overlord  
  58  4:57  Baneling Nest  
  58  4:58  Zergling x2  
  58  4:59  Zergling x14  
  65  5:06  Drone x5  
  65  5:07  Drone  
  71  5:09  Overlord  
  71  5:12  Drone  
  71  5:13  Spore Crawler  
  69  5:16  Drone  
  69  5:17  Drone  
  69  5:19  Drone  
  72  5:22  Overlord  
  73  5:28  Hydralisk Den  
  73  5:29  Zergling x8  
  73  5:31  Drone, Extractor  
  73  5:32  Extractor  
  75  5:37  Drone x3  
  75  5:42  Drone x5  
  83  5:45  Drone  
  83  5:49  Drone x2  
  86  5:51  Drone x2  
  88  5:57  Drone  
  88  5:58  Centrifical Hooks  
  88  6:01  Extractor  
  88  6:03  Overlord  
  88  6:09  Zergling x4  
  88  6:11  Overlord  
  90  6:17  Overlord  
  90  6:18  Overlord  
  90  6:20  Muscular Augments  
  90  6:22  Hydralisk x4  
  98  6:26  Overseer  
  98  6:29  Hydralisk x2  
  102  6:34  Queen  
  102  6:36  Hydralisk  
  102  6:37  Hydralisk  
  102  6:39  Zerg Melee Weapons Level 2  
  108  6:49  Hydralisk x3  
  108  6:52  Drone x3  
  116  6:54  Hydralisk x2  
  116  6:57  Overlord  
  116  7:00  Hydralisk  
  121  7:08  Overlord x2  
  121  7:14  Overlord  
  121  7:17  Hydralisk  
  121  7:18  Drone  
  121  7:20  Baneling x5  
  121  7:21  Baneling  
  124  7:23  Hatchery  
  124  7:25  Baneling x7  
  124  7:26  Hydralisk  
  125  7:32  Hydralisk x2  
  129  7:41  Hydralisk x3  
  135  7:44  Zergling x10  
  135  7:49  Baneling x6  
  131  7:58  Hydralisk  
  131  7:59  Hydralisk x2  
  131  8:01  Zergling x12  
  138  8:14  Hydralisk x4  
  138  8:17  Zergling x4  
  138  8:18  Zergling x4  
  138  8:19  Hydralisk  
  143  8:24  Hydralisk  
  143  8:25  Hydralisk  
  143  8:30  Zergling x2  
  143  8:31  Zergling x6  
  143  8:36  Hydralisk, Baneling x6  
  143  8:37  Hydralisk  
  143  8:40  Zergling x10  
  143  8:41  Zergling x4  
  144  8:53  Hydralisk x5  
  147  8:56  Zergling x6  
  147  9:01  Zergling x2  
Tags
 
Add a new tag
Caveats
  • Supply blocks, unpowered buildings, or Contaminate may cause inaccurate times.
  • Supply counts are checked every 10 seconds.